AoeStats
← Dd

Black Forest

510025253Analyzed
4v4 RM · 2d ago on Sep 29, 2026· 67m 17s· 8 players
Game mode
Random Map
Map size
Large (8 player)
Population
200
Speed
Normal
Resources
Standard
Victory
Conquest
Starting age
Dark Age
Ending age
Imperial Age
RankedLock teamsTeams togetherTeam positionsShared explorationLock speedFull tech treeHidden civsTurbo modeCheats
Victory
Defeat
🇦🇷 Armenians · Argentina
1480
+15
🇺🇸 Persians · United States
1440
+17
🇲🇽 Britons · Mexico
1437
+17
🇨🇳 Danes · China
1418
+18
🇧🇷 Persians · Brazil
1507
-19
🇧🇷 Huns · Brazil
1498
-18
🇧🇷 Vietnamese · Brazil
1486
-18
🇧🇷 Khmer · Brazil
1336
-12
MEX_Angel_Tj
0:31 Loom
11:20 Feudal Age
15:52 Castle Age
14:00 Horse Collar
14:47 Double-Bit Axe
16:05 Wheelbarrow
23:03 Bow Saw
25:59 Gold Mining
26:47 Hand Cart
26:41 Heavy Plow
30:20 Imperial Age
28:14 Fortified Wall
28:22 Town Watch
28:30 Fletching
28:40 Padded Archer Armor
29:06 Stone Mining
29:21 Bodkin Arrow
29:48 Ballistics
30:50 Gold Shaft Mining
31:12 Leather Archer Armor
30:39 Elite Longbowman
31:43 Conscription
32:28 Two-Man Saw
31:41 Bracer
32:43 Chemistry
32:52 Yeomen
33:05 Ring Archer Armor
32:37 Scale Mail Armor
32:47 Forging
32:40 Sappers
33:25 Town Patrol
33:24 Murder Holes
33:38 Onager
34:40 Masonry
40:49 Iron Casting
40:30 Chain Mail Armor
40:56 Warwolf
47:57 Caravan
48:28 Coinage
49:48 Squires
51:59 Pikeman
54:32 Halberdier
57:45 Plate Mail Armor
58:55 Capped Ram
60:59 Blast Furnace
60:15 Elite Skirmisher
67:08 Treadmill Crane
Dd
0:34 Loom
12:14 Feudal Age
17:26 Castle Age
16:14 Horse Collar
17:00 Double-Bit Axe
18:55 Squires
18:41 Arson
26:29 Scale Mail Armor
26:44 Arson
27:37 Chain Mail Armor
38:15 Imperial Age
36:27 Fletching
38:17 Bow Saw
39:35 Wheelbarrow
41:40 Bodkin Arrow
42:47 Conscription
42:46 Pikeman
43:45 Forging
44:46 Bracer
44:15 Northmen's Fury
45:17 Onager
46:09 Siege Engineers
47:25 Iron Casting
46:13 Elite Varangian Guard
47:20 Siege Onager
49:01 Heavy Plow
49:34 Plate Mail Armor
50:05 Blast Furnace
48:28 Hamask
51:32 Halberdier
52:43 Hand Cart
54:34 Ballistics
55:15 Chemistry
59:52 Gold Mining
59:53 Stone Mining
62:23 Capped Ram
64:21 Padded Archer Armor
66:25 Siege Ram
_WizarD_
10:02 Loom
11:48 Feudal Age
12:47 Double-Bit Axe
12:46 Horse Collar
13:43 Wheelbarrow
17:01 Castle Age
15:51 Gold Mining
17:57 Bow Saw
18:31 Heavy Plow
29:08 Imperial Age
27:27 Scale Barding Armor
27:32 Forging
28:05 Town Watch
29:23 Chain Barding Armor
29:38 Iron Casting
30:55 Two-Man Saw
30:27 Crop Rotation
30:23 Hand Cart
29:56 Town Watch
30:05 Elite War Elephant
31:05 Conscription
31:54 Plate Barding Armor
31:57 Stone Mining
34:03 Blast Furnace
36:54 Husbandry
37:04 Bloodlines
37:22 Ballistics
38:03 Chemistry
47:11 Caravan
47:45 Coinage
59:44 Banking
FeR
11:45 Feudal Age
15:23 Castle Age
14:24 Double-Bit Axe
16:25 Bow Saw
15:57 Fishing Lines
16:04 Loom
19:48 Gillnets
23:27 Wheelbarrow
22:54 Horse Collar
27:42 Imperial Age
26:09 Hand Cart
25:39 Town Watch
25:19 Pikeman
25:59 Gambesons
26:14 Squires
26:26 Scale Mail Armor
27:29 Squires
27:15 Arson
26:51 Halberdier
28:40 Chain Mail Armor
28:36 Forging
27:53 Capped Ram
29:01 Heavy Plow
28:52 Gold Mining
28:53 Stone Mining
29:56 Town Patrol
31:07 Plate Mail Armor
31:43 Conscription
30:59 Siege Ram
32:37 Iron Casting
32:48 Ballistics
32:38 Masonry
34:21 Blast Furnace
33:12 Fletching
33:56 Caravan
33:54 Bodkin Arrow
34:27 Padded Archer Armor
35:21 Bracer
35:37 Leather Archer Armor
34:43 Man-at-Arms
35:37 Fereters
36:51 Coinage
36:31 Guilds
35:49 Long Swordsman
37:15 Ring Archer Armor
36:35 Two-Handed Swordsman
38:09 Champion
43:32 Murder Holes
44:39 Chemistry
63:21 Treadmill Crane
64:05 Bombard Tower
Felinha
11:23 Feudal Age
14:09 Castle Age
13:00 Double-Bit Axe
13:25 Loom
16:55 Wheelbarrow
17:55 Bow Saw
20:12 Fishing Lines
21:04 Town Watch
23:25 Stone Mining
25:12 Hand Cart
25:57 Caravan
26:30 Coinage
30:40 Imperial Age
30:01 Bloodlines
29:52 Husbandry
30:13 Pikeman
30:40 Arson
32:24 Scale Barding Armor
32:29 Forging
31:49 Elite Ballista Elephant
33:07 Conscription
33:00 Scale Mail Armor
32:51 Fletching
33:59 Ballistics
33:51 Masonry
33:28 Halberdier
35:40 Chain Barding Armor
36:17 Light Cavalry
37:24 Siege Engineers
37:32 Fortified Wall
37:28 Siege Engineers
38:07 Heavy Scorpion
39:22 Capped Ram
40:50 Double Crossbow
41:24 Siege Ram
44:52 Chemistry
43:57 Tusk Swords
47:20 Hussar
54:44 Plate Barding Armor
54:44 Iron Casting
55:08 Bodkin Arrow
57:49 Blast Furnace
56:51 Padded Archer Armor
TIRA-ONDA
11:57 Feudal Age
12:40 Double-Bit Axe
15:32 Castle Age
14:15 Double-Bit Axe
14:15 Horse Collar
21:02 Scale Barding Armor
23:17 Bow Saw
23:18 Loom
25:01 Heavy Plow
28:54 Fletching
29:58 Bodkin Arrow
31:43 Wheelbarrow
33:53 Wheelbarrow
36:02 Hand Cart
40:18 Imperial Age
38:50 Gold Mining
38:50 Stone Mining
39:58 Town Watch
41:27 Gold Shaft Mining
40:42 Stone Mining
41:27 Gold Shaft Mining
40:44 Stone Mining
41:55 Caravan
42:06 Guilds
44:28 Scale Mail Armor
44:39 Forging
46:13 Two-Man Saw
44:49 Pikeman
45:29 Squires
45:47 Chain Mail Armor
46:07 Iron Casting
45:31 Arson
45:26 Halberdier
49:35 Thumb Ring
50:36 Blast Furnace
49:29 Elite Skirmisher
50:43 Padded Archer Armor
50:43 Imperial Skirmisher
53:56 Bracer
54:11 Leather Archer Armor
54:50 Leather Archer Armor
54:56 Chain Barding Armor
56:24 Chemistry
58:33 Ballistics
58:23 Masonry
60:20 Plate Barding Armor
61:47 Coinage
66:40 Banking
Farofa de Pentelho
11:50 Feudal Age
15:32 Castle Age
13:26 Double-Bit Axe
13:50 Horse Collar
17:29 Bow Saw
18:43 Wheelbarrow
22:15 Loom
23:52 Heavy Plow
23:45 Fishing Lines
24:36 Gillnets
25:50 Hand Cart
26:29 Caravan
27:24 Gold Mining
27:24 Stone Mining
28:57 Gold Shaft Mining
28:58 Stone Shaft Mining
31:24 Imperial Age
29:37 Scale Barding Armor
29:43 Forging
30:01 Devotion
31:18 Chain Barding Armor
31:53 Iron Casting
31:37 Husbandry
31:47 Bloodlines
32:42 Elite War Elephant
33:44 Conscription
34:44 Two-Man Saw
34:15 Crop Rotation
34:22 Plate Barding Armor
34:47 Blast Furnace
41:21 Masonry
42:43 Fletching
45:24 Bodkin Arrow
56:33 Hoardings
56:53 Town Watch
62:31 Pikeman
63:11 Squires
62:57 Arson
65:15 Scale Mail Armor
65:30 Halberdier
66:31 Chain Mail Armor
AXEL2904
0:56 Loom
11:09 Feudal Age
16:00 Castle Age
14:27 Double-Bit Axe
15:34 Fishing Lines
19:08 Bow Saw
25:07 Wheelbarrow
24:54 Gillnets
25:20 Horse Collar
26:48 Heavy Plow
27:47 Gold Mining
27:47 Stone Mining
28:31 Stone Mining
29:38 Hand Cart
33:44 Imperial Age
31:11 Fletching
31:21 Padded Archer Armor
31:00 Elite Skirmisher
32:16 Ballistics
32:20 Bodkin Arrow
32:39 Fortified Wall
32:18 Pikeman
32:58 Squires
33:21 Leather Archer Armor
33:43 Thumb Ring
33:59 Masonry
33:29 Treadmill Crane
33:57 Chatras
34:43 Forging
34:33 Scale Mail Armor
34:59 Paper Money
35:44 Chemistry
34:14 Halberdier
35:57 Two-Man Saw
35:28 Crop Rotation
35:10 Siege Engineers
34:26 Imperial Skirmisher
36:07 Iron Casting
35:30 Guard Tower
35:58 Bracer
36:29 Ring Archer Armor
37:17 Ring Archer Armor
37:11 Chain Mail Armor
37:16 Arrowslits
38:57 Keep
39:03 Arson
40:44 Plate Mail Armor
40:56 Treadmill Crane
59:04 Scale Barding Armor
59:34 Bloodlines
58:44 Light Cavalry
59:49 Husbandry
60:10 Chain Barding Armor
60:19 Caravan
61:36 Plate Barding Armor
Connection lost

Rejoining the realm…

Still unreachable

The connection could not be restored.

Session expired

The server has moved on; the page needs a fresh start.